 Dungeon Crawl Stone Soup version 0.23.0 (webtiles) character file.

Game seed: 7778601774370635404

9336 theswoord the Carver (level 11, -16/99 HPs)
             Began as a Naga Berserker on Feb 13, 2019.
             Was a High Priest of Trog.
             Demolished by an orc wizard
             ... wielding a +1 dagger of distortion
              (18 damage)
             ... on level 11 of the Dungeon.
             The game lasted 00:23:40 (9915 turns).

theswoord the Carver (Naga Berserker)               Turns: 9915, Time: 00:23:41

Health: -16/99     AC: 16    Str: 25      XL:     11   Next: 44%
Magic:  11/11      EV:  8    Int:  7      God:    Trog [*****.]
Gold:   523        SH:  0    Dex: 13 (14) Spells: 10/10 levels left

rFire    . . .     SeeInvis +   z - +1 scimitar (flame)
rCold    . . .     Gourm    .   (no shield)
rNeg     . . .     Faith    .   G - +1 chain mail of Eliph {*Corrode Str+5}
rPois    +         Spirit   .   C - +1 hat
rElec    .         Reflect  .   t - +2 cloak
rCorr    .         Harm     +   (no gloves)
MR       +....                  (no barding)
Stlth    ..........             F - amulet of harm
HPRegen  0.26/turn              g - +6 ring of protection
MPRegen  0.12/turn              E - ring of stealth

@: corroded, berserk cooldown, slowed, invisible, very slow
A: large, see invisible, deformed body, poison resistance, slowness 2, slow
metabolism 1, spit poison 1, AC +3
a: Spit Poison, Berserk, Trog's Hand, Brothers in Arms, Renounce Religion


You were on level 11 of the Dungeon.
You worshipped Trog.
Trog was extremely pleased with you.
You were hungry.

You visited 1 branch of the dungeon, and saw 11 of its levels.
You also visited: Sewer.

You collected 523 gold pieces.

Inventory:

Hand Weapons
 a - a +1 falchion
 z - a +1 scimitar of flaming (weapon)
 B - a +0 falchion of holy wrath
Armour
 b - a +0 animal skin
 h - a +1 ring mail
 i - a +0 cloak
 m - a +0 helmet
 t - a +2 cloak (worn)
 w - a +0 cloak
 C - a +1 hat (worn)
 G - the +1 chain mail of Eliph (worn) {*Corrode Str+5}
   (You found it on level 9 of the Dungeon)

   It affects your strength (+5).
   It may corrode you when you take damage.
Jewellery
 g - a +6 ring of protection (left hand)
 l - an uncursed ring of flight
 D - an uncursed ring of poison resistance
 E - a ring of stealth (right hand)
 F - an amulet of harm (around neck)
 J - an uncursed ring of attention
Wands
 q - a wand of iceblast (21)
 x - a wand of paralysis (8)
 H - a wand of clouds (3)
Scrolls
 f - 4 scrolls of remove curse
 s - 2 scrolls of teleportation
 y - 4 scrolls of enchant armour
 L - a scroll of identify
Potions
 d - a potion of degeneration
 e - a potion of flight
 j - a potion of curing
 k - a potion of haste
 o - 3 potions of brilliance
 p - 2 potions of agility {unknown}
 r - a potion of cancellation {unknown}
 u - a potion of ambrosia {unknown}
 v - 3 potions of lignification {unknown}
 I - a potion of might {unknown}
Comestibles
 c - 15 rations
 K - a chunk of flesh


   Skills:
 + Level 6.7 Fighting
 - Level 14.0 Long Blades
 + Level 5.2 Armour
 + Level 5.2 Dodging


You had 10 spell levels left.
You didn't know any spells.
Your spell library was empty.

Dungeon Overview and Level Annotations

Branches:
Dungeon (11/15)            Temple (0/1) D:4             Orc (0/2) D:9
   Lair: D:8-11

Altars:
Fedhas
Zin

Shops:
D:5 %

Annotations:
D:9 2 transporters, poxu's ghost, novice DsFi
D:11 3 runed translucent doors


Innate Abilities, Weirdness & Mutations

You cannot wear boots.
Your serpentine skin is tough. (AC +3)
You have supernaturally acute eyesight. (SInv)
Armour fits poorly on your strangely shaped body.
Your system is resistant to poisons. (rPois)
You cover ground very slowly.
You have a slow metabolism.
You can spit poison.


Message History

The bullfrog croaks.
You are no longer berserk.
You are exhausted.
You feel yourself slow down. The yak gores you!
* * * LOW HITPOINT WARNING * * *
Items here: )) †† a +0 giant club x2; a two-headed ogre corpse; a quokka corpse You hit the yak.
You burn the yak.
Your skin stops crawling.
You feel less resistant to hostile enchantments.
The yak gores you but does no damage.
A porcupine comes into view.
The orc wizard hits you but does no damage.
Space bends around you.
* * * LOW HITPOINT WARNING * * *
You fade into invisibility!
The yak closely misses you.
The orc wizard hits you but does no damage.
Space warps horribly around you!
You die... ..##.# #.#..# # #.#.## #. #..†## .### ###..# P >..## ##..# P.P

#.[# ####...##
.P...##o#########......#.
.r...FYY@)(....##........
#..P...########.##......#.
#P..... #...........#.
P####.PP..# #.###.......#(
.P.P..u... #.# ##......##
P...PoP..# ##.# ###.####
...P.P.J. #..# #...###
..P...PO####...^.##
###.... .P.Z.S.<...#.#####
#####


You could see 2 yaks, a bullfrog, a porcupine (wandering) and an orc wizard.

Vanquished Creatures
  Erica (D:9)
  2 two-headed ogres
  Pikel (D:5)
  2 ugly things (D:11)
  2 hornets (D:8)
  Prince Ribbit (D:9)
  Sigmund (D:6)
  An air elemental (D:10)
  A fire elemental (D:10)
  Menkaure (D:5)
  A soldier ant (D:8)
  A water moccasin (D:10)
  3 ice beasts
  A slave (D:5)
  2 sky beasts
  A black bear (D:10)
  3 phantoms
  4 orc warriors
  A necrophage (D:10)
  An eye of draining (D:10)
  3 centaurs
  5 ogres
  A crocodile (Sewer)
  5 bullfrogs
  An earth elemental (D:10)
  A wyvern skeleton (D:7)
  3 scorpions
  3 killer bees (D:9)
  8 wights
  4 howler monkeys
  6 crimson imps
  5 hounds
  3 quasits
  3 jellies
  9 orc wizards
  3 orc priests
  Crazy Yiuf (D:5)
  2 bullfrog skeletons
  A centaur skeleton (D:8)
  2 iguanas
  6 worker ants
  Terence (D:2)
  4 hound skeletons
  A worker ant zombie (D:9)
  Robin (D:3)
  A howler monkey skeleton (D:4)
  3 river rats (D:6)
  18 adders
  2 shadow imps (D:9)
  3 oozes
  5 worms
  4 dart slugs
  4 leopard geckos
  41 orcs
  4 ball pythons
  11 giant cockroaches
  12 goblins
  12 hobgoblins
  19 jackals
  7 quokkas
  9 bats
  11 frilled lizards
  8 kobolds
  A leopard gecko skeleton (D:4)
  9 rats
297 creatures vanquished.

Vanquished Creatures (others)
  A water elemental (D:10)
  A slave (D:5)
  A quokka (D:5)
  2 fungi (D:11)
  A plant (D:11)
6 creatures vanquished.

Grand Total: 303 creatures vanquished

Notes
Turn   | Place    | Note
-------+----------+-------------------------------------------
     0 | D:1      | theswoord the Naga Berserker began the quest for the Orb.
     0 | D:1      | Reached XP level 1. HP: 21/21 MP: 1/1
    88 | D:1      | Reached XP level 2. HP: 20/28 MP: 2/2
   370 | D:1      | Reached skill level 4 in Long Blades
   706 | D:1      | Reached XP level 3. HP: 22/34 MP: 3/3
   755 | D:1      | Reached ** piety under Trog
  1239 | D:2      | Reached XP level 4. HP: 31/42 MP: 4/4
  1425 | D:2      | Reached skill level 5 in Long Blades
  1661 | D:2      | Noticed Terence
  1669 | D:2      | Killed Terence
  1719 | D:3      | Reached XP level 5. HP: 49/49 MP: 5/5
  1757 | D:3      | Noticed Robin
  1777 | D:3      | Reached *** piety under Trog
  1780 | D:3      | Killed Robin
  1994 | D:3      | Found a glowing silver altar of Zin.
  2008 | D:3      | Reached skill level 6 in Long Blades
  2360 | D:3      | Reached XP level 6. HP: 43/56 MP: 6/6
  2768 | D:4      | Found a blossoming altar of Fedhas.
  2785 | D:4      | Reached skill level 7 in Long Blades
  3159 | D:4      | Reached XP level 7. HP: 53/62 MP: 7/7
  3381 | D:4      | Reached skill level 8 in Long Blades
  3458 | D:4      | Found a staircase to the Ecumenical Temple.
  3604 | D:5      | Entered Level 5 of the Dungeon
  3611 | D:5      | Reached **** piety under Trog
  3614 | D:5      | Found Routs's Food Emporium.
  3663 | D:5      | Found a runed translucent door.
  3664 | D:5      | Noticed Crazy Yiuf
  3833 | D:5      | Noticed Pikel
  3865 | D:5      | Killed Pikel
  3865 | D:5      | Reached skill level 9 in Long Blades
  3865 | D:5      | Reached XP level 8. HP: 37/69 MP: 8/8
  3872 | D:5      | Reached skill level 10 in Long Blades
  4331 | D:5      | Noticed Menkaure
  4340 | D:5      | Killed Menkaure
  4597 | D:5      | Killed Crazy Yiuf
  4769 | D:6      | Reached skill level 11 in Long Blades
  4798 | D:6      | Found a glowing drain.
  4809 | Sewer    | Entered a sewer
  5274 | D:6      | Reached XP level 9. HP: 75/75 MP: 9/9
  5335 | D:6      | Noticed Sigmund
  5344 | D:6      | Killed Sigmund
  5462 | D:6      | Reached skill level 12 in Long Blades
  5547 | D:6      | Reached ***** piety under Trog
  6351 | D:7      | Received a gift from Trog
  6403 | D:7      | Reached skill level 13 in Long Blades
  6742 | D:8      | Noticed a two-headed ogre
  6755 | D:8      | Killed a two-headed ogre
  6755 | D:8      | Reached XP level 10. HP: 84/84 MP: 10/10
  6832 | D:8      | Reached skill level 14 in Long Blades
  7517 | D:9      | Received a gift from Trog
  8032 | D:9      | Found a staircase to the Orcish Mines.
  8061 | D:9      | Noticed Erica
  8074 | D:9      | Killed Erica
  8211 | D:9      | Got a bloodstained chain mail
  8222 | D:9      | Identified the +1 chain mail of Eliph {*Corrode Str+5} (You
                  | found it on level 9 of the Dungeon)
  8248 | D:9      | Reached skill level 5 in Fighting
  8288 | D:9      | Found a transporter.
  8292 | D:9      | Found a transporter.
  8327 | D:9      | Noticed poxu's ghost (novice DsFi)
  8328 | D:9      | Noticed a cyclops
  8340 | D:9      | Noticed Prince Ribbit
  8344 | D:9      | Killed Prince Ribbit
  8431 | D:9      | Reached XP level 11. HP: 86/96 MP: 11/11
  8783 | D:10     | Entered Level 10 of the Dungeon
  8802 | D:10     | Received a gift from Trog
  9041 | D:10     | Found a large runed translucent door.
  9042 | D:10     | Found a large runed translucent door.
  9618 | D:11     | Noticed a cyan ugly thing
  9618 | D:11     | Noticed a two-headed ogre
  9619 | D:11     | Noticed a red ugly thing
  9842 | D:11     | Found a runed translucent gate.
  9842 | D:11     | Found a runed translucent gate.
  9842 | D:11     | Found a runed translucent gate.
  9843 | D:11     | Noticed a brown ugly thing
  9843 | D:11     | Noticed a brown ugly thing
  9844 | D:11     | Noticed a green ugly thing
  9846 | D:11     | Noticed a white very ugly thing
  9847 | D:11     | Noticed a brown ugly thing
  9901 | D:11     | Killed a cyan ugly thing
  9904 | D:11     | Killed a brown ugly thing
  9904 | D:11     | Reached skill level 5 in Armour
  9904 | D:11     | Reached skill level 5 in Dodging
  9912 | D:11     | Killed a two-headed ogre
  9914 | D:11     | HP: 2/99 [orc wizard/+1 dagger of distortion (4)]
  9915 | D:11     | Demolished by an orc wizard

Skill      XL: |  1  2  3  4  5  6  7  8  9 10 11 |
---------------+----------------------------------+-----
Long Blades    | 4 5 6 7 9 11 13 14 | 14.0
Armour         | 4 5 |  5.2
Dodging        | 4 5 |  5.2
Fighting       | 5 6 |  6.7

Action                   |  1- 3 |  4- 6 |  7- 9 | 10-12 || total
-------------------------+-------+-------+-------+-------++-------
Melee: Falchion          |    85 |   270 |   511 |   171 ||  1037
       Scimitar          |       |       |       |   183 ||   183
Throw: Javelin           |       |       |       |     3 ||     3
Invok: Berserk           |     4 |     3 |     6 |     6 ||    19
       Trog's Hand       |       |       |       |     2 ||     2
 Abil: Spit Poison       |     1 |     9 |     7 |     2 ||    19
  Use: Scroll            |     3 |     5 |     7 |     5 ||    20
       Potion            |       |       |     2 |     7 ||     9
 Stab: Invisible         |       |       |     1 |       ||     1
  Eat: Chunk             |     3 |     9 |    15 |     8 ||    35
       Ration            |       |       |       |     2 ||     2
Armor: Animal skin       |    30 |       |       |       ||    30
       Ring mail         |     5 |   152 |   225 |    90 ||   472
       Chain mail        |       |       |       |   104 ||   104
Dodge: Dodged            |    72 |   162 |   207 |   141 ||   582
       Rpst.: Falchion   |    26 |    40 |    59 |    18 ||   143
       Scimitar          |       |       |       |    26 ||    26

Levels and vault maps discovered:
D:1:      dpeg_arrival_windows_large_door, layout_rooms, minmay_lizard_pond
D:2:      layout_rooms, uniq_terence
D:3:      layout_loops_cross, nicolae_overflow_crystal_walls, first_ration,
          uniq_robin
D:4:      layout_cave_pools, minmay_temple_entry_enclosed_plants,
          fedhas_ov_isle_minmay
D:5:      layout_loops_ring, serial_shops, shop, uniq_crazy_yiuf_cottage,
          uniq_pikel, uniq_menkaure
D:6:      layout_rooms, lightli_sewer_entry_pipes, grunt_ministairs_8,
          uniq_sigmund
D:7:      layout_rooms
D:8:      layout_loops_cross, hangedman_pestilent_swarm
D:9:      layout_basic, erik_orc_3, gammafunk_ghost_arena, uniq_erica,
          uniq_prince_ribbit1
D:10:     layout_rooms, lightli_elemental_guards
D:11:     layout_rooms, grunt_lair_entry_orc_guard_hut, serial_shops,
          nicolae_shop_crystal, ploomutoo_gammafunk_ghost_potion_laboratory
Sewer:    sewer_the_crocodile
